Map: Prion Terraces

Players

teranuanuone

  • Race: Terran Terran
  • League: Platinum

LilDicky - Winner!

  • Race: Terran Terran
  • League: Platinum

VOD

http://www.twitch.tv/tumescentpie

Description

Time

  • Played on: Nov. 21, 2015, 5:04 p.m.
  • Length: 19:39
Show
View Real Time Build Order
Export as new Build Order

teranuanuone Terran 

Build Orders: Bio Tank, MMM Bio 

Get SALT Encoding   

  12  0:00  SCV  
  13  0:13  SCV  
  14  0:18  Supply Depot  
  14  0:24  Refinery  
  14  0:27  SCV  
  15  0:40  SCV  
  16  0:45  Barracks  
  16  0:52  SCV  
  17  1:04  SCV  
  18  1:16  SCV  
  19  1:32  Marine, Orbital Command  
  20  1:47  Command Center  
  20  1:57  SCV  
  21  2:04  Supply Depot, Marine  
  22  2:13  Factory  
  22  2:17  SCV  
  23  2:30  SCV, Marine  
  23  2:35  Barracks  
  25  2:57  SCV  
  25  3:05  Marine  
  26  3:06  Hellion  
  26  3:09  SCV  
  26  3:10  Orbital Command  
  29  3:23  Barracks Tech Lab  
  29  3:24  Barracks Reactor  
  29  3:25  SCV, Starport  
  29  3:39  SCV x2  
  31  3:42  Factory Tech Lab  
  31  3:44  Stimpack  
  31  3:48  Refinery  
  31  3:57  Bunker  
  31  3:58  SCV x2  
  33  4:03  Marine x2  
  33  4:04  Marine  
  33  4:06  Siege Tank  
  39  4:11  SCV  
  39  4:12  SCV  
  41  4:25  SCV x2  
  43  4:32  Supply Depot  
  43  4:35  Marine x2  
  43  4:36  Marine  
  46  4:51  SCV x2, Medivac  
  50  4:54  Siege Tank, Engineering Bay  
  50  4:55  Engineering Bay, Marine x3  
  55  5:01  Supply Depot  
  47  5:21  SCV  
  47  5:22  SCV, Marine x2  
  51  5:40  Marine x2  
  51  5:42  Viking  
  53  5:47  Missile Turret  
  46  5:59  Marine  
  46  6:00  Marine  
  43  6:05  Marine  
  42  6:12  Viking  
  42  6:17  Marine  
  44  6:20  SCV x2  
  42  6:39  SCV x2  
  40  6:55  SCV  
  40  6:56  SCV  
  40  6:58  Marine x3  
  45  7:11  SCV x2  
  47  7:15  Marine  
  47  7:16  Marine  
  49  7:29  Refinery  
  49  7:30  Refinery  
  49  7:45  SCV x2  
  49  7:46  Marine x2  
  49  7:47  Siege Tank  
  49  7:48  Viking  
  58  7:57  SCV x2  
  60  7:58  Marine  
  60  8:10  Missile Turret  
  60  8:12  Missile Turret  
  60  8:14  SCV x2, Missile Turret  
  60  8:16  Marine  
  63  8:42  Marine x2  
  63  8:43  Viking, Siege Tank  
  70  9:05  Supply Depot  
  70  9:06  Supply Depot, Combat Shields  
  70  9:09  Command Center  
  70  9:26  Marine x2  
  70  9:30  SCV x2  
  68  9:50  SCV x2  
  68  9:51  Marine x2  
  68  9:52  Siege Tank  
  65  9:53  Starport Reactor  
  65  9:59  Barracks  
  65  10:01  Barracks  
  65  10:06  SCV  
  65  10:07  SCV  
  67  10:09  Marine x2  
  69  10:19  Terran Infantry Weapons Level 1  
  69  10:24  Engineering Bay  
  69  10:29  SCV x2  
  69  10:31  Viking x2  
  69  10:32  Orbital Command  
  69  10:34  Marine x2  
  77  10:52  Marine  
  77  10:54  Marine x3  
  77  10:55  Siege Tank  
  77  10:57  SCV x2  
  82  11:28  Marauder, Marine x3  
  82  11:29  Siege Tank  
  87  11:42  SCV x2  
  87  11:44  Medivac x2  
  87  11:46  Marine x2  
  88  11:50  Marauder  
  85  11:56  Orbital Command  
  83  12:07  Marine x3  
  86  12:08  Siege Tank  
  86  12:11  Marauder  
  88  12:18  Viking x2  
  88  12:19  SCV x2  
  94  12:23  Factory  
  94  12:24  Factory  
  94  12:25  Marine  
  94  12:27  SCV  
  95  12:31  SCV, Marine  
  95  12:32  Marine x2  
  99  12:39  SCV  
  99  12:40  SCV  
  101  12:49  SCV  
  101  12:50  Marine  
  101  12:55  Supply Depot  
  101  13:04  Marine x2  
  101  13:05  SCV  
  101  13:07  Marine  
  101  13:08  Marine  
  101  13:09  Refinery  
  101  13:12  Refinery  
  101  13:15  Siege Tank  
  99  13:20  Viking x2  
  99  13:22  Marine  
  99  13:23  Marauder  
  99  13:25  Marine  
  107  13:32  Marine  
  106  13:40  Marine  
  101  13:44  Marauder  
  103  13:49  Marine  
  103  13:50  Marine  
  105  13:58  Marine  
  91  14:05  Marauder  
  81  14:12  SCV x2  
  77  14:27  Marauder  
  77  14:33  Marine x2  
  77  14:34  Siege Tank  
  77  14:35  Medivac x2  
  77  14:36  SCV x3  
  88  14:40  Barracks  
  88  14:42  Factory Tech Lab, Factory Reactor, Barracks  
  88  14:43  Factory  
  88  14:47  Barracks Reactor  
  88  14:48  Marauder  
  88  14:51  Marine x2  
  91  15:06  SCV x2  
  93  15:07  Siege Tank  
  93  15:08  Marine x2, Siege Tank, Orbital Command  
  93  15:09  Viking x2  
  93  15:10  Marine  
  106  15:26  SCV x2, Marine  
  106  15:27  Refinery  
  109  15:34  Supply Depot x2  
  109  15:36  Barracks Tech Lab x2, Refinery  
  109  15:37  Factory Tech Lab  
  109  15:53  Marine  
  109  15:54  Marauder  
  109  15:55  Marine x3  
  109  15:56  SCV x3  
  115  15:59  Siege Tank x3  
  115  16:01  Supply Depot  
  115  16:03  Supply Depot  
  124  16:21  Marine  
  124  16:22  Marine  
  124  16:24  Marine  
  124  16:25  Marauder x2  
  110  16:47  Marine x2, Marauder x3  
  110  16:48  Widow Mine x2  
  110  16:49  Siege Tank  
  115  17:00  SCV x3  
  114  17:08  Marauder  
  114  17:09  Marauder  
  45  18:19  Viking x2  
  46  18:45  Orbital Command  
  46  18:49  Viking  
  44  19:08  Hellion x2  
  44  19:09  Hellion x3  
  54  19:11  Marauder, Marine x4  
  60  19:22  Refinery  
Show
View Real Time Build Order
Export as new Build Order

LilDicky Terran - Winner!

Build Orders: Banshee Rush 

Get SALT Encoding   

  12  0:01  SCV  
  13  0:15  SCV  
  13  0:17  Supply Depot  
  14  0:30  SCV  
  14  0:33  Refinery  
  15  0:42  SCV  
  16  0:46  Barracks  
  16  0:54  SCV  
  17  1:06  SCV  
  18  1:19  SCV  
  19  1:31  SCV  
  20  1:34  Reaper  
  21  1:43  Orbital Command  
  21  1:47  Command Center  
  21  1:57  Factory  
  21  2:04  Supply Depot  
  21  2:07  Marine  
  22  2:12  Refinery  
  22  2:26  Marine  
  22  2:27  SCV  
  24  2:30  Supply Depot  
  24  2:42  Factory Tech Lab  
  24  2:47  Starport  
  24  3:03  Marine  
  24  3:05  Orbital Command  
  25  3:10  Supply Depot  
  25  3:14  Widow Mine  
  27  3:40  Cloaking Field  
  27  3:41  Banshee  
  29  3:44  SCV x2  
  29  3:45  Supply Depot  
  31  3:49  Orbital Command  
  31  3:55  Factory Reactor  
  31  3:56  SCV  
  33  4:11  Supply Depot  
  33  4:13  SCV  
  33  4:16  Marine  
  34  4:20  SCV  
  34  4:23  Banshee  
  38  4:27  SCV, Fusion Core  
  39  4:31  Refinery  
  39  4:32  SCV, Refinery  
  39  4:38  Hellion  
  44  4:39  SCV, Hellion  
  44  4:42  Marine  
  44  4:44  SCV  
  47  4:51  SCV  
  48  4:56  SCV  
  48  4:59  Hellion, Engineering Bay  
  51  5:01  Hellion  
  53  5:21  Banshee  
  53  5:23  Hellion x2  
  60  5:48  Hellion x2  
  64  6:04  Banshee  
  62  6:16  Hellion x2  
  60  6:33  SCV  
  58  6:47  Banshee  
  58  6:52  Command Center  
  58  6:53  Factory  
  57  6:54  Factory, Refinery x2  
  57  6:59  SCV, Hellion x2  
  58  7:01  SCV  
  58  7:05  Hyperflight Rotors  
  59  7:11  SCV  
  59  7:12  Barracks Reactor  
  59  7:13  SCV  
  59  7:15  Starport  
  61  7:23  SCV  
  61  7:25  SCV  
  63  7:30  Supply Depot  
  63  7:31  Supply Depot, Hellion x2, Banshee  
  63  7:36  SCV  
  71  7:37  SCV  
  69  8:01  SCV x2  
  71  8:10  Orbital Command  
  71  8:14  Banshee  
  71  8:15  Factory Tech Lab  
  71  8:18  Command Center, Starport Reactor  
  74  8:24  Orbital Command  
  70  8:39  Hellion, Siege Tank  
  70  8:40  Hellion  
  73  8:49  Marine  
  73  8:58  Command Center  
  73  9:00  Missile Turret  
  73  9:11  Siege Tank  
  73  9:13  Hellion x2  
  73  9:15  Viking x3  
  86  9:43  Siege Tank  
  86  9:45  Banshee, Viking x2  
  96  9:55  Planetary Fortress  
  96  9:59  Refinery  
  96  10:15  Viking, Siege Tank  
  101  10:22  Refinery  
  101  10:28  Refinery  
  101  10:30  Hellion x2  
  105  10:38  Armory  
  105  10:44  Armory  
  105  10:50  SCV x2  
  107  11:01  Missile Turret  
  107  11:02  Missile Turret  
  107  11:07  Missile Turret  
  102  11:16  Viking x2  
  87  11:36  Hellion x2, Siege Tank  
  87  11:37  Viking  
  77  11:58  Viking x2  
  77  12:01  Hellion x4  
  85  12:03  Planetary Fortress  
  87  12:16  Banshee  
  87  12:21  Terran Vehicle And Ship Armor Level 1  
  90  12:31  Starport  
  90  12:35  Liberator x2  
  89  12:53  SCV  
  92  12:59  Banshee  
  77  13:35  Refinery  
  77  13:37  Command Center  
  77  13:41  Missile Turret  
  77  13:42  Banshee  
  70  14:07  Liberator  
  70  14:08  Liberator  
  63  14:15  Terran Ship Weapons Level 1  
  60  14:21  Hellion x4, Siege Tank  
  63  14:27  Starport Tech Lab  
  67  14:33  Terran Vehicle And Ship Armor Level 2  
  67  14:39  Battlecruiser  
  67  14:40  SCV x2  
  72  14:47  Starport  
  72  14:48  Hellion x2, Starport  
  72  14:49  Starport  
  72  14:50  Hellion x2  
  80  14:53  Siege Tank  
  80  14:55  Missile Turret  
  80  14:57  Missile Turret  
  80  14:59  Planetary Fortress  
  83  15:02  Command Center, Missile Turret  
  83  15:05  SCV x4  
  83  15:06  SCV  
  88  15:13  Banshee  
  91  15:17  SCV, Hellion x2  
  96  15:24  Starport Tech Lab  
  96  15:25  Siege Tank, Starport Tech Lab  
  96  15:26  Starport Tech Lab  
  99  15:29  Missile Turret  
  99  15:35  Viking  
  99  15:36  Viking  
  103  15:43  Banshee  
  106  15:54  Banshee x2  
  106  15:55  Banshee  
  106  15:56  Banshee  
  115  15:57  Siege Tank  
  118  16:09  SCV  
  118  16:22  Viking x2  
  122  16:26  Battlecruiser  
  122  16:28  Hellion  
  130  16:37  Viking  
  124  16:40  Hellion x3  
  118  17:11  Command Center  
  118  17:16  Missile Turret x3  
  118  17:29  Missile Turret  
  115  17:30  Missile Turret  
  83  18:17  Banshee x4  
  83  18:18  Banshee  
  83  18:19  Hellion x4  
  105  18:20  Hellion  
  105  18:40  Hellion  
  105  18:41  Hellion x4  
  115  18:47  Planetary Fortress  
  115  19:01  Widow Mine x2  
  115  19:02  Siege Tank  
  128  19:04  Viking  
  128  19:05  Viking  
  128  19:07  Hellion  
  128  19:08  Hellion  
  136  19:18  Missile Turret  
  136  19:25  Missile Turret  
Tags
 
Add a new tag
Caveats
  • Supply blocks, unpowered buildings, or Contaminate may cause inaccurate times.
  • Supply counts are checked every 10 seconds.